Map: New Repugnancy LE

Players

Marinelord - Winner!

  • Race: Terran Terran
  • Spawn Location: 1:00

HellraiseR

  • Race: Protoss Protoss
  • Spawn Location: 7:00

Event: 2019 WCS Spring

VOD

Have the link to the VOD?

Description

Time

  • Played on: May 17, 2019, 10:20 a.m.
  • Length: 8:58

All games in this series

Show
View Real Time Build Order
Export as new Build Order

Marinelord Terran - Winner!

Build Orders: Cyclone Opening 

Get SALT Encoding   

  12  0:00  SCV  
  13  0:12  SCV  
  14  0:17  Supply Depot  
  14  0:24  SCV  
  15  0:39  SCV  
  16  0:43  Barracks  
  16  0:49  Refinery  
  16  0:51  SCV  
  17  0:58  Refinery  
  17  1:03  SCV  
  18  1:15  SCV  
  19  1:30  Orbital Command  
  19  1:31  Reaper  
  20  1:39  Supply Depot  
  20  1:47  Factory  
  20  1:56  SCV  
  21  2:08  SCV  
  22  2:11  Reaper  
  23  2:20  SCV  
  23  2:31  Factory Tech Lab  
  23  2:32  SCV, Starport  
  24  2:44  SCV  
  24  2:49  Cyclone  
  28  2:56  SCV  
  28  2:57  Barracks  
  28  3:08  SCV  
  28  3:10  Viking  
  31  3:16  Supply Depot  
  31  3:31  SCV  
  31  3:37  Siege Tank  
  31  3:40  Viking  
  36  3:46  SCV  
  37  3:49  Barracks Reactor  
  37  3:58  SCV  
  38  4:03  Command Center  
  38  4:18  Supply Depot  
  38  4:21  Viking  
  39  4:40  SCV  
  39  4:42  Marine x3  
  39  4:45  Siege Tank  
  44  4:52  SCV  
  44  5:01  Marine x2  
  44  5:04  SCV  
  45  5:13  Marine  
  39  5:16  SCV  
  39  5:17  Siege Tank  
  39  5:18  Marine  
  39  5:19  Marine  
  43  5:27  Viking  
  44  5:28  SCV  
  44  5:31  Barracks Tech Lab  
  44  5:32  Orbital Command  
  45  5:37  Marine x2  
  45  5:40  SCV  
  48  5:49  Siege Tank  
  51  5:50  Marine  
  51  5:52  Combat Shield  
  52  5:58  SCV x2  
  52  6:02  Marine  
  55  6:04  Marine  
  55  6:08  Marine  
  55  6:10  SCV, Supply Depot  
  58  6:12  SCV  
  58  6:16  Medivac  
  61  6:20  Marine  
  62  6:31  SCV x2, Siege Tank, Marine x2  
  62  6:32  Supply Depot  
  69  6:40  Supply Depot  
  69  6:43  SCV  
  69  6:46  Supply Depot  
  70  6:53  SCV  
  71  6:54  Marine x3  
  71  6:55  SCV  
  71  6:57  Supply Depot  
  71  7:00  Viking  
  77  7:05  SCV  
  77  7:07  SCV  
  79  7:10  Barracks  
  79  7:17  SCV  
  79  7:19  SCV, Marine x2  
  83  7:23  Marine  
  83  7:25  Factory Reactor  
  85  7:30  SCV, Refinery  
  85  7:32  SCV  
  86  7:42  SCV, Marine x2  
  86  7:44  SCV  
  86  7:51  Marine  
  86  7:54  SCV  
  86  7:56  SCV  
  81  8:00  Marine  
  81  8:03  Bunker  
  81  8:06  SCV  
  81  8:07  Marine x2  
  81  8:08  SCV  
  81  8:09  Marine  
  82  8:18  SCV  
  82  8:19  Bunker  
  83  8:20  SCV  
  83  8:24  Viking  
  86  8:27  Marine x2  
  86  8:28  Marine  
  86  8:30  SCV  
  86  8:33  SCV  
  89  8:39  Marine  
  96  8:50  Bunker  
  96  8:52  Factory Reactor  
Show
View Real Time Build Order
Export as new Build Order

HellraiseR Protoss 

Build Orders:  

Get SALT Encoding   

  12  0:00  Probe  
  13  0:12  Probe  
  14  0:17  Pylon  
  14  0:21  Probe  
  15  0:31  Probe  
  16  0:38  Gateway  
  16  0:41  Probe  
  16  0:46  Assimilator  
  17  0:53  Probe  
  18  1:05  Probe  
  18  1:07  Assimilator  
  18  1:08  Pylon  
  19  1:17  Probe  
  20  1:18  Zealot  
  20  1:24  Cybernetics Core  
  20  1:30  Probe  
  23  1:42  Probe  
  24  1:53  Stalker  
  24  1:54  Probe  
  27  2:03  Shield Battery  
  27  2:06  Robotics Facility  
  27  2:09  Warp Gate  
  27  2:10  Probe  
  28  2:22  Probe  
  26  2:30  Stalker  
  26  2:34  Probe  
  30  2:56  Immortal  
  28  3:07  Pylon  
  31  3:20  Nexus  
  31  3:34  Warp Prism  
  31  3:36  Probe  
  34  3:48  Probe  
  34  3:50  Stargate  
  35  3:58  Stalker  
  37  4:03  Pylon  
  37  4:05  Probe  
  38  4:17  Probe  
  39  4:26  Stalker  
  39  4:29  Probe  
  39  4:31  Oracle  
  35  4:41  Probe  
  35  4:43  Probe  
  38  4:58  Probe  
  38  5:01  Zealot  
  38  5:03  Probe  
  38  5:06  Probe  
  39  5:15  Probe  
  39  5:16  Probe  
  39  5:22  Phoenix  
  39  5:26  Probe  
  40  5:28  Probe  
  40  5:33  Observer  
  40  5:34  Probe  
  44  5:40  Probe  
  46  5:42  Probe, Pylon  
  46  5:45  Phoenix  
  49  5:52  Probe  
  49  5:53  Probe  
  51  6:02  Assimilator  
  51  6:03  Robotics Bay  
  51  6:05  Probe  
  51  6:06  Probe  
  51  6:07  Phoenix  
  53  6:17  Probe  
  53  6:18  Probe  
  57  6:26  Phoenix  
  57  6:27  Assimilator  
  57  6:29  Probe  
  57  6:30  Probe  
  61  6:39  Pylon  
  61  6:41  Probe  
  61  6:46  Colossus  
  67  6:53  Probe  
  64  6:55  Probe  
  70  7:03  Shield Battery  
  70  7:05  Probe  
  70  7:06  Phoenix, Shield Battery  
  70  7:07  Probe  
  73  7:17  Probe  
  73  7:19  Probe  
  75  7:23  Gateway  
  75  7:24  Gateway  
  75  7:29  Pylon  
  75  7:31  Phoenix, Probe  
  76  7:40  Stalker  
  76  7:41  Colossus  
  78  7:48  Probe  
  79  7:52  Phoenix  
  76  8:07  Zealot  
  78  8:16  Gateway  
  78  8:18  Gateway  
  78  8:19  Phoenix  
  77  8:21  Pylon  
  74  8:41  Pylon  
  72  8:42  Pylon  
  72  8:44  Zealot x3  
  72  8:46  Twilight Council  
  78  8:53  Pylon  
Tags
 
Add a new tag
Caveats
  • Supply blocks, unpowered buildings, or Contaminate may cause inaccurate times.
  • Supply counts are checked every 10 seconds.